 Dungeon Crawl Stone Soup version 0.26-a0-154-g3d63440f56 (webtiles) character file.

Game seed: 14057647527624460857

2179 Flugslaktarn the Covert (level 9, -11/106 HPs)
             Began as a Gnoll Assassin on July 1, 2020.
             Was an Initiate of Ashenzari.
             Killed by divine providence
             ... invoked by an orc priest
              (13 damage)
             ... on level 7 of the Dungeon.
             The game lasted 00:14:10 (3271 turns).

Flugslaktarn the Covert (Gnoll Assassin)            Turns: 3271, Time: 00:14:11

Health: -11/106    AC:  5    Str: 13    XL:     9   Next: 33%
Magic:  16/16      EV: 16    Int: 23    God:    Ashenzari [......]
Gold:   186        SH:  0    Dex: 19    Spells: 17/17 levels left

rFire    . . .     SeeInvis .   D - +8 rapier of Watchfulness {holy, Int+6 Dex-4}
rCold    . . .     Faith    .   (no shield)
rNeg     + . .     Spirit   .   v - +1 robe "Jyxie" {rN+}
rPois    .         Reflect  .   i - +0 helmet
rElec    .         Harm     .   w - scarf {+Inv}
rCorr    .                      m - +0 pair of gloves
MR       .....                  (no boots)
Stlth    ..........             (no amulet)
HPRegen  0.27/turn              G - +6 ring of dexterity
MPRegen  0.15/turn              n - ring of wizardry

@: berserking, very quick
A: distributed training, fangs 1, strong nose
a: Curse Item, Renounce Religion, Evoke Invisibility


You were on level 7 of the Dungeon.
You worshipped Ashenzari.
Ashenzari was noncommittal.
You were not hungry.

You visited 2 branches of the dungeon, and saw 8 of its levels.

You collected 186 gold pieces.

Inventory:

Hand Weapons
 a - a +2 dagger
 l - a +0 short sword of holy wrath
   (You took it off a kobold on level 1 of the Dungeon)
 t - a +0 quarterstaff
   (You found it on level 3 of the Dungeon)
 A - a +0 long sword
   (You found it on level 6 of the Dungeon)
 D - the +8 rapier of Watchfulness (weapon) {holy, Int+6 Dex-4}
   (You found it on level 6 of the Dungeon)

   It has been blessed by the Shining One to cause great damage to the undead
   and demons.
   It affects your intelligence (+6).
   It affects your dexterity (-4).
 E - a +0 short sword of distortion
   (You took it off Duvessa on level 6 of the Dungeon)
Missiles
 d - 24 poisoned darts (quivered)
 e - 2 curare-tipped darts
 o - 2 boomerangs of dispersal
 z - 81 arrows
Armour
 b - a +0 robe
 c - a +0 cloak
 i - a +0 helmet (worn)
   (You took it off Robin on level 3 of the Dungeon)
 m - a +0 pair of gloves (worn)
   (You found it on level 1 of the Dungeon)
 v - the +1 robe "Jyxie" (worn) {rN+}
   (You found it on level 4 of the Dungeon)

   It protects you from negative energy.
 w - a scarf of invisibility (worn)
   (You found it on level 4 of the Dungeon)
Jewellery
 k - an uncursed ring of positive energy
   (You found it on level 1 of the Dungeon)
 n - a ring of wizardry (right hand)
   (You found it on level 2 of the Dungeon)
 G - a +6 ring of dexterity (left hand)
   (You found it on level 5 of the Dungeon)
Wands
 y - a wand of random effects (15)
   (You found it on level 5 of the Dungeon)
 B - a wand of flame (17)
   (You found it on level 6 of the Dungeon)
 C - a wand of disintegration (10)
   (You found it on level 6 of the Dungeon)
Scrolls
 g - 3 scrolls of enchant weapon
 h - 3 scrolls of amnesia
 j - 3 scrolls of teleportation
 q - a scroll of immolation
 x - a scroll of vulnerability
Potions
 p - 2 potions of lignification
 s - 2 potions of stabbing
 u - 2 potions of resistance
Comestibles
 f - 4 rations


   Skills:
 + Level 6.8 Fighting
 + Level 6.8 Short Blades
 + Level 4.9 Long Blades
 + Level 4.9 Axes
 + Level 4.9 Maces & Flails
 + Level 4.9 Polearms
 + Level 4.9 Staves
 + Level 4.9 Slings
 + Level 4.9 Bows
 + Level 4.9 Crossbows
 + Level 6.8 Throwing
 + Level 4.9 Armour
 + Level 5.6 Dodging
 + Level 9.3 Stealth
 + Level 4.9 Shields
 + Level 4.9 Unarmed Combat
 + Level 4.9 Spellcasting
 + Level 4.0 Conjurations
 + Level 4.0 Hexes
 + Level 4.0 Charms
 + Level 4.0 Summonings
 + Level 4.0 Necromancy
 + Level 4.0 Translocations
 + Level 4.0 Transmutations
 + Level 4.0 Fire Magic
 + Level 4.0 Ice Magic
 + Level 4.0 Air Magic
 + Level 4.0 Earth Magic
 + Level 4.0 Poison Magic
 + Level 5.4 Invocations
 + Level 4.9 Evocations


You had 17 spell levels left.
You didn't know any spells.
Your spell library contained the following spells:

 Spells                   Type           Power        Failure   Level  Hunger
 Corona                   Hex            ###....      1%          1    None
 Slow                     Hex            ###.....     1%          2    None
 Inner Flame              Hex/Fire       ###.....     2%          3    ##.....
 Portal Projectile        Hex/Tloc       ###...       2%          3    ##.....
 Cause Fear               Hex            ###.......   8%          4    ####...
 Leda's Liquefaction      Hex/Erth       ###.......   8%          4    ####...


Dungeon Overview and Level Annotations

Branches:
Dungeon (7/15)             Temple (1/1) D:7

Altars:
Ashenzari
Cheibriados
Gozag
Okawaru
Qazlal
Ru
Sif Muna
Uskayaw
Vehumet
Wu Jian
The Shining One

Shops:
D:7 }


Innate Abilities, Weirdness & Mutations

Your experience applies equally to all skills.
You have very sharp teeth.
Your uncanny sense of smell can sniff out nearby items.


Message History

The orc warrior barely misses you. The ice beast hits you.
The ice beast freezes you.
You are too injured to fight recklessly!
You hit the ice beast. You punch the ice beast.
The ice beast is lightly wounded.
You feel sick.
You are no longer poisoned.
The ice beast hits you but does no damage.
The orc warrior completely misses you.
An orc priest comes into view. It is wielding a +0 hand axe.
You completely miss the ice beast.
The ice beast is lightly wounded.
The ice beast hits you.
* * * LOW HITPOINT WARNING * * *
The ice beast freezes you.
* * * LOW HITPOINT WARNING * * *
Unknown command.
You closely miss the orc warrior.
The orc warrior hits you with a +0 long sword!
* * * LOW HITPOINT WARNING * * *
A red film seems to cover your vision as you go berserk!
You feel yourself moving faster!
You feel mighty!
The orc warrior hits you with a +0 long sword!
* * * LOW HITPOINT WARNING * * *
You puncture the orc warrior!
The orc warrior is heavily wounded.
The orc warrior hits you with a +0 long sword!
* * * LOW HITPOINT WARNING * * *
You puncture the orc warrior!
You bite the orc warrior, but do no damage.
The orc warrior is severely wounded.
Unknown command.
You impale the orc warrior!!
You kill the orc warrior!
An orc comes into view.
A kobold comes into view.
Unknown command.
You swing at nothing.
The orc shouts!
You impale the ice beast!!
The ice beast is almost dead.
You hear a shout!
The ice beast hits you.
* * * LOW HITPOINT WARNING * * *
The ice beast freezes you!
* * * LOW HITPOINT WARNING * * *
You barely miss the ice beast.
The ice beast is almost dead.
The orc priest calls down the wrath of Beogh upon you.
Beogh smites you!
You die...

# ### ###.### ### ##
......####.# ### .#
.....##.##.###.##.##
...................#
...........(#......#
..........##......#
#.........##(.....#
.....##....(.(..@##
......#.......oY###
#.........(..).o†.#
###....##.##.#..))...#
.)....#.##.#####o##...
##......#..... ... .
............... ...#
..... #####... .###
... ## .... #


You could see an ice beast, an orc priest and an orc.

Vanquished Creatures
  A hungry ghost (D:6)
  Duvessa (D:6)
  3 ice beasts
  An orc warrior (D:7)
  4 ogres
  2 phantoms
  2 centaurs
  A big kobold (D:7)
  A wyvern zombie (D:3)
  3 bullfrogs
  Dowan (D:6)
  2 crimson imps
  An orc priest (D:4)
  A hound (D:6)
  A bullfrog skeleton (D:4)
  An orc wizard (D:5)
  2 worker ants (D:5)
  A hound skeleton (D:5)
  Robin (D:3)
  8 adders
  3 gnolls (D:5)
  An ooze (D:4)
  3 adder skeletons
  A worm (D:2)
  A dart slug (D:1)
  3 leopard geckos
  11 orcs
  4 bats
  5 giant cockroaches
  9 hobgoblins
  2 jackals (D:2)
  A quokka (D:6)
  A ball python (D:4)
  3 frilled lizards
  A giant cockroach zombie (D:5)
  15 goblins
  11 kobolds
  2 quokka skeletons (D:6)
  7 rats
  A toadstool (D:1)
123 creatures vanquished.

Vanquished Creatures (others)
  3 toadstools (D:1)
3 creatures vanquished.

Grand Total: 126 creatures vanquished

Notes
Turn   | Place    | Note
-------+----------+-------------------------------------------
     0 | D:1      | Flugslaktarn the Gnoll Assassin began the quest for the
                  | Orb.
     0 | D:1      | Reached XP level 1. HP: 20/20 MP: 1/1
    87 | D:1      | Reached XP level 2. HP: 19/26 MP: 2/2
   299 | D:1      | Reached XP level 3. HP: 20/31 MP: 3/3
   545 | D:3      | Noticed Robin
   576 | D:3      | Reached skill level 1 in Invocations
   646 | D:3      | Reached skill level 5 in Fighting
   646 | D:3      | Reached skill level 5 in Short Blades
   646 | D:3      | Reached skill level 5 in Throwing
   646 | D:3      | Reached skill level 8 in Stealth
   646 | D:3      | Reached XP level 4. HP: 11/40 MP: 4/9
   651 | D:3      | Killed Robin
   743 | D:3      | Reached XP level 5. HP: 22/46 MP: 10/10
  1139 | D:4      | Found a radiant altar of Vehumet.
  1159 | D:4      | Noticed a phantom
  1183 | D:4      | Noticed an ogre
  1234 | D:4      | Killed an ogre
  1234 | D:4      | Reached XP level 6. HP: 23/52 MP: 11/11
  1370 | D:4      | Got a warped robe
  1384 | D:4      | Identified the +1 robe "Jyxie" {rN+} (You found it on level
                  | 4 of the Dungeon)
  1510 | D:4      | Killed a phantom
  1510 | D:4      | Reached XP level 7. HP: 50/58 MP: 12/12
  1603 | D:5      | Entered Level 5 of the Dungeon
  1799 | D:4      | Found an opulent altar of Gozag.
  1800 | D:4      | Found an ornate altar of the Wu Jian Council.
  2232 | D:6      | Reached skill level 5 in Dodging
  2294 | D:6      | Reached XP level 8. HP: 54/64 MP: 14/14
  2300 | D:6      | Reached skill level 9 in Stealth
  2475 | D:6      | Got a steaming rapier
  2476 | D:6      | Identified the +8 rapier of Watchfulness {holy, Int+6
                  | Dex-4} (You found it on level 6 of the Dungeon)
  2477 | D:6      | Reached skill level 5 in Invocations
  2514 | D:6      | Noticed Dowan
  2518 | D:6      | Noticed Duvessa
  2526 | D:6      | Killed Duvessa
  2537 | D:6      | Killed Dowan
  2688 | D:5      | Reached XP level 9. HP: 29/71 MP: 14/16
  2958 | D:7      | Found a staircase to the Ecumenical Temple.
  2967 | Temple   | Entered the Ecumenical Temple
  3123 | Temple   | Became a worshipper of Ashenzari the Shackled
  3202 | D:7      | Found Ruzxuom's Gadget Shoppe.
  3270 | D:7      | HP: 2/106 [ice beast (7)]
  3271 | D:7      | Killed from afar by an orc priest

Illustrated notes

Levels and vault maps discovered:
D:1:      ldierk_water_garden, layout_rooms, minmay_heptomino_h4
D:2:      layout_basic, lemuel_round_altar
D:3:      layout_loops_ring, first_ration, minmay_goblin_outpost, uniq_robin,
          uniq_sigmund
D:4:      layout_basic, vehumet_crystals, gammafunk_temple_overflow_pools,
          portal_sewer_entry_e, minivault_24
D:5:      layout_gridville
D:6:      layout_loops_corners, minmay_bent, uniq_duvessa
D:7:      layout_cave_pools, lemuel_doored_altar, grunt_dithmenos_shadows,
          kennysheep_mini, minmay_temple_entry_slanted, serial_shops, shop,
          uniq_harold
Temple:   minmay_temple_forest_path

Skill      XL: |  1  2  3  4  5  6  7  8  9 |
---------------+----------------------------+-----
Invocations    | 4 5 |  5.4
Fighting       | 5 6 |  6.8
Short Blades   | 5 6 |  6.8
Long Blades    | 3 4 |  4.9
Axes           | 3 4 |  4.9
Maces & Flails | 3 4 |  4.9
Polearms       | 3 4 |  4.9
Staves         | 3 4 |  4.9
Slings         | 3 4 |  4.9
Bows           | 3 4 |  4.9
Crossbows      | 3 4 |  4.9
Throwing       | 5 6 |  6.8
Armour         | 3 4 |  4.9
Dodging        | 4 5 |  5.6
Stealth        | 8 9 |  9.3
Shields        | 3 4 |  4.9
Unarmed Combat | 3 4 |  4.9
Spellcasting   | 3 4 |  4.9
Conjurations   | 3 4 |  4.0
Hexes          | 3 4 |  4.0
Charms         | 3 4 |  4.0
Summonings     | 3 4 |  4.0
Necromancy     | 3 4 |  4.0
Translocations | 3 4 |  4.0
Transmutations | 3 4 |  4.0
Fire Magic     | 3 4 |  4.0
Ice Magic      | 3 4 |  4.0
Air Magic      | 3 4 |  4.0
Earth Magic    | 3 4 |  4.0
Poison Magic   | 3 4 |  4.0
Evocations     | 3 4 |  4.9

Action                   |  1- 3 |  4- 6 |  7- 9 || total
-------------------------+-------+-------+-------++-------
Melee: Dagger            |   135 |    74 |   145 ||   354
       Bite              |    15 |     8 |    20 ||    43
       Unarmed           |       |     8 |       ||     8
       Quarterstaff      |       |    17 |    10 ||    27
       Punch             |       |     2 |     6 ||     8
       Short sword       |       |    12 |    33 ||    45
       Rapier            |       |       |    69 ||    69
Throw: Dart              |       |     6 |     7 ||    13
 Abil: Evoke Invisibilit |       |       |     1 ||     1
  Use: Potion            |     4 |       |     1 ||     5
       Scroll            |       |       |     7 ||     7
 Stab: Sleeping          |     9 |     5 |    16 ||    30
       Distracted        |     1 |     1 |       ||     2
       Invisible         |       |       |     1 ||     1
  Eat: Chunk             |       |     1 |     2 ||     3
       Ration            |       |       |     4 ||     4
Armor: Robe              |    44 |    14 |    35 ||    93
       Skin              |       |     5 |       ||     5
Dodge: Dodged            |    99 |    52 |   174 ||   325

Table legend:
 A = Non-vault XP
 B = Vault XP
 C = Vault XP percentage of total XP
 D = Non-vault monster count
 E = Vault monster count
 F = Vault count percentage of total count
                 A         B        C        D         E       F
            +---------+---------+-------+---------+---------+-------
      Total |    2196 |     845 |  27.8 |      96 |      26 |  21.3
            +---------+---------+-------+---------+---------+-------
        D:1 |      39 |       1 |   2.5 |      22 |       1 |   4.3
        D:2 |      40 |       0 |   0.0 |      14 |       0 |   0.0
        D:3 |     105 |      44 |  29.5 |       5 |      16 |  76.2
        D:4 |     414 |       0 |   0.0 |      14 |       0 |   0.0
        D:5 |     585 |       0 |   0.0 |      19 |       0 |   0.0
        D:6 |     407 |     800 |  66.3 |      10 |       9 |  47.4
        D:7 |     606 |       0 |   0.0 |      12 |       0 |   0.0
            +---------+---------+-------+---------+---------+-------
